Map: Jagannatha LE

Players

Reynor - Winner!

  • Race: Zerg Zerg
  • Spawn Location: 1:00

Stats

  • Race: Protoss Protoss
  • Spawn Location: 7:00

Event: ASUS ROG Online 2020

VOD

Have the link to the VOD?

Description

Time

  • Played on: Nov. 27, 2020, 5:57 p.m.
  • Length: 15:06

All games in this series

Show
View Real Time Build Order
Export as new Build Order

Reynor Zerg - Winner!

Build Orders: Hatch First, Lurkers 

Get SALT Encoding   

  12  0:00  Drone  
  13  0:13  Overlord  
  13  0:17  Drone  
  14  0:31  Drone  
  15  0:43  Drone x2  
  17  0:52  Hatchery  
  17  0:56  Drone  
  17  1:00  Drone  
  18  1:11  Extractor  
  17  1:15  Spawning Pool  
  17  1:17  Drone  
  17  1:22  Drone  
  18  1:29  Drone  
  19  1:39  Drone  
  20  1:50  Overlord  
  20  2:01  Queen  
  20  2:04  Zergling x2  
  20  2:05  Zergling x2, Queen  
  26  2:11  Drone  
  26  2:14  Metabolic Boost  
  26  2:15  Drone  
  28  2:23  Drone  
  28  2:26  Drone  
  30  2:38  Hatchery  
  30  2:41  Drone  
  30  2:43  Drone  
  31  2:48  Drone  
  31  2:49  Zergling x2  
  33  2:55  Overlord  
  33  3:04  Drone  
  33  3:05  Drone  
  35  3:10  Drone  
  36  3:13  Queen  
  36  3:15  Drone x3  
  36  3:18  Zergling x2  
  42  3:21  Drone  
  43  3:28  Drone  
  43  3:31  Overlord  
  43  3:39  Overlord  
  43  3:45  Overlord  
  43  3:49  Drone  
  43  3:50  Queen, Drone x2  
  43  3:51  Drone  
  43  3:52  Drone  
  43  3:54  Zergling x4  
  52  3:56  Lair  
  52  3:58  Drone  
  52  4:00  Drone  
  54  4:03  Drone x2  
  54  4:09  Drone  
  57  4:11  Spore Crawler  
  57  4:13  Spore Crawler  
  57  4:14  Spore Crawler  
  57  4:16  Zergling x4  
  56  4:18  Drone  
  56  4:19  Drone  
  56  4:21  Drone  
  56  4:22  Drone  
  60  4:24  Drone  
  60  4:26  Overlord  
  60  4:29  Drone x2  
  63  4:34  Drone x2  
  63  4:35  Drone  
  64  4:40  Drone  
  64  4:44  Drone x2  
  66  4:46  Queen  
  69  4:52  Zergling x2  
  69  4:53  Overlord  
  69  4:54  Zergling x2  
  69  4:55  Zergling x2, Nydus Network  
  69  4:57  Zergling x4  
  69  4:59  Zergling x2  
  73  5:03  Zergling x2  
  73  5:05  Overlord  
  74  5:11  Overlord  
  73  5:15  Zergling x12  
  73  5:17  Queen  
  81  5:21  Overlord  
  81  5:24  Zergling x2  
  81  5:25  Zergling x10  
  81  5:26  Zergling x2  
  88  5:29  Zergling x2  
  88  5:31  Nydus Canal  
  88  5:35  Overlord  
  89  5:39  Zergling x4, Queen x2  
  95  5:44  Drone  
  94  5:50  Zergling x4  
  94  5:53  Queen  
  94  5:55  Zergling x8  
  100  5:58  Zergling x2  
  100  6:00  Drone x2  
  100  6:01  Drone  
  100  6:04  Extractor  
  97  6:05  Drone  
  97  6:08  Hydralisk Den, Extractor  
  97  6:09  Drone x2  
  96  6:12  Drone  
  96  6:16  Nydus Canal  
  100  6:18  Drone  
  100  6:19  Drone  
  100  6:24  Drone  
  100  6:26  Extractor  
  100  6:28  Extractor  
  100  6:29  Overlord  
  100  6:30  Drone  
  99  6:33  Hatchery, Drone  
  99  6:42  Drone x2  
  99  6:45  Drone  
  100  6:48  Muscular Augments  
  100  6:50  Drone  
  100  6:51  Drone x3  
  100  6:53  Drone  
  100  6:54  Extractor, Evolution Chamber  
  102  6:55  Drone x3  
  102  7:00  Queen x2  
  106  7:02  Overlord  
  106  7:03  Drone  
  106  7:05  Drone  
  106  7:06  Drone  
  106  7:07  Drone x2  
  110  7:14  Overlord  
  108  7:18  Queen  
  108  7:21  Hydralisk x5  
  119  7:28  Hydralisk x3  
  119  7:29  Hydralisk, Spore Crawler x2  
  123  7:34  Hydralisk x2  
  123  7:37  Hydralisk  
  123  7:40  Hydralisk  
  125  7:46  Hydralisk x2  
  125  7:49  Queen x2  
  132  7:53  Hydralisk  
  132  7:57  Hydralisk x2  
  130  8:05  Hydralisk  
  117  8:06  Hydralisk  
  117  8:09  Hydralisk  
  117  8:10  Queen  
  117  8:12  Nydus Canal  
  125  8:14  Overlord  
  125  8:15  Spore Crawler x2  
  125  8:16  Drone x3  
  125  8:19  Grooved Spines, Drone x3  
  130  8:20  Drone x2  
  130  8:24  Hydralisk, Queen  
  134  8:28  Hydralisk x2  
  134  8:29  Hydralisk  
  134  8:32  Extractor  
  139  8:34  Extractor  
  139  8:35  Hydralisk  
  139  8:38  Hydralisk  
  139  8:39  Zergling x2  
  143  8:41  Hydralisk  
  143  8:42  Zergling x4  
  143  8:46  Zerg Missile Weapons Level 1  
  143  8:47  Overlord  
  147  8:49  Hydralisk  
  147  8:50  Zergling x4  
  147  8:51  Zergling x4  
  145  8:56  Hydralisk  
  145  9:01  Overlord  
  145  9:02  Hydralisk  
  146  9:03  Zergling x2  
  146  9:07  Nydus Canal  
  146  9:08  Hydralisk  
  146  9:09  Zergling x6  
  147  9:12  Hydralisk  
  147  9:13  Zergling x2  
  147  9:16  Hydralisk  
  143  9:17  Zergling x6  
  143  9:18  Zergling x6, Hydralisk  
  146  9:24  Zergling x2, Hydralisk  
  146  9:29  Hydralisk  
  146  9:30  Zergling x2  
  135  9:33  Hydralisk x2  
  135  9:35  Queen x2  
  135  9:38  Hydralisk  
  140  9:40  Hydralisk  
  140  9:41  Zergling x4  
  140  9:44  Zergling x4  
  146  9:49  Hydralisk x3  
  150  9:56  Hydralisk x3  
  151  10:03  Hydralisk  
  151  10:04  Zergling x4, Hydralisk  
  129  10:14  Hydralisk x3  
  129  10:17  Hydralisk  
  135  10:21  Drone  
  135  10:22  Infestation Pit  
  135  10:24  Drone x2  
  135  10:28  Drone  
  137  10:31  Drone  
  137  10:33  Drone  
  137  10:35  Hatchery  
  138  10:36  Hydralisk, Nydus Canal  
  138  10:41  Hydralisk x2  
  144  10:43  Zerg Missile Weapons Level 2  
  144  10:46  Lurker Den  
  144  10:47  Drone x2  
  145  10:50  Hydralisk x4  
  145  10:51  Zergling x2  
  145  10:54  Overlord  
  154  11:03  Overlord  
  151  11:06  Hive  
  151  11:07  Drone  
  151  11:09  Drone x8  
  151  11:11  Overlord  
  160  11:14  Hydralisk x2  
  160  11:17  Drone x2  
  160  11:18  Drone  
  167  11:20  Pneumatized Carapace  
  166  11:25  Queen  
  166  11:31  Hydralisk  
  166  11:32  Zergling x14  
  174  11:40  Drone x4  
  174  11:41  Extractor  
  174  11:42  Overlord  
  174  11:43  Zergling x4, Extractor  
  174  11:44  Zergling x4  
  180  11:51  Overlord  
  180  11:53  Lurker x8  
  188  11:54  Lurker  
  189  12:01  Lurker x2  
  189  12:02  Hydralisk x2, Lurker  
  189  12:03  Zergling x4, Spore Crawler  
  197  12:14  Hydralisk x2  
  191  12:30  Nydus Canal  
  191  12:33  Hydralisk  
  191  12:34  Zergling x18  
  191  12:37  Seismic Spines  
  180  12:45  Hydralisk x9  
  180  12:46  Zergling x8  
  180  12:48  Hydralisk  
  180  12:49  Zergling x2  
  197  13:03  Hatchery  
  194  13:06  Hydralisk x3  
  194  13:07  Hatchery  
  199  13:19  Zergling x2  
  191  13:34  Adaptive Talons  
  191  13:35  Hydralisk x6  
  196  13:51  Zergling x2, Hydralisk  
  199  14:06  Lurker  
  199  14:07  Lurker  
  189  14:21  Zergling x2, Hydralisk  
  189  14:22  Zergling x14  
  199  14:27  Hydralisk  
  199  14:28  Zergling x2  
  193  14:38  Hydralisk x8  
Show
View Real Time Build Order
Export as new Build Order

Stats Protoss 

Build Orders: 1 Gate Expand, Oracle Opening 

Get SALT Encoding   

  12  0:00  Probe  
  13  0:14  Pylon  
  13  0:17  Probe (Chrono Boost)  
  14  0:27  Probe (Chrono Boost)  
  15  0:32  Probe (Chrono Boost)  
  16  0:42  Gateway  
  16  0:44  Probe  
  16  0:48  Assimilator  
  17  0:56  Probe  
  18  1:08  Probe  
  19  1:20  Probe  
  20  1:28  Nexus  
  20  1:36  Cybernetics Core  
  20  1:39  Probe  
  21  1:44  Assimilator  
  21  1:51  Probe  
  22  1:55  Pylon  
  22  2:03  Probe (Chrono Boost)  
  23  2:10  Adept (Chrono Boost)  
  23  2:15  Probe (Chrono Boost)  
  26  2:18  Stargate  
  26  2:22  Probe (Chrono Boost)  
  27  2:28  Warp Gate  
  27  2:30  Probe (Chrono Boost)  
  27  2:33  Adept  
  30  2:40  Probe (Chrono Boost)  
  32  2:48  Probe (Chrono Boost)  
  32  2:50  Probe (Chrono Boost)  
  33  2:54  Probe (Chrono Boost)  
  33  2:55  Probe (Chrono Boost)  
  33  2:56  Void Ray (Chrono Boost)  
  39  3:06  Probe  
  39  3:09  Probe  
  41  3:16  Pylon  
  41  3:18  Probe  
  42  3:21  Probe  
  42  3:22  Gateway  
  43  3:30  Probe  
  43  3:33  Probe, Oracle (Chrono Boost)  
  48  3:42  Probe  
  48  3:45  Probe  
  50  3:54  Probe, Nexus  
  51  3:56  Pylon  
  51  3:59  Probe  
  51  4:02  Assimilator  
  52  4:04  Assimilator  
  52  4:06  Probe  
  53  4:11  Probe  
  54  4:18  Probe  
  54  4:19  Stargate  
  54  4:23  Probe, Stargate  
  56  4:31  Probe  
  57  4:35  Probe  
  58  4:43  Probe  
  59  4:46  Pylon  
  59  4:48  Probe  
  59  4:51  Pylon  
  59  4:52  Shield Battery  
  60  4:55  Probe (Chrono Boost)  
  60  4:58  Void Ray x2  
  61  5:00  Probe (Chrono Boost)  
  61  5:02  Void Ray  
  61  5:03  Pylon  
  61  5:07  Probe x2 (Chrono Boost)  
  72  5:11  Probe (Chrono Boost)  
  72  5:13  Assimilator  
  78  5:15  Probe (Chrono Boost)  
  78  5:16  Assimilator, Probe (Chrono Boost)  
  78  5:17  Probe (Chrono Boost)  
  78  5:20  Probe (Chrono Boost)  
  79  5:21  Forge  
  79  5:25  Twilight Council  
  79  5:27  Probe  
  79  5:28  Probe  
  82  5:32  Probe  
  83  5:37  Pylon  
  83  5:39  Probe, Void Ray (Chrono Boost)  
  83  5:40  Probe  
  83  5:42  Shield Battery  
  84  5:43  Void Ray (Chrono Boost)  
  84  5:44  Probe  
  93  5:56  Void Ray (Chrono Boost)  
  90  6:07  Shield Battery  
  90  6:09  Pylon  
  89  6:21  Pylon  
  89  6:24  Pylon  
  89  6:26  Pylon  
  89  6:33  Void Ray  
  89  6:36  Void Ray x2  
  89  6:39  Nexus  
  100  6:55  Probe x2  
  100  6:57  Pylon  
  100  7:00  Pylon  
  98  7:02  Pylon  
  97  7:09  Protoss Ground Weapons Level 1 (Chrono Boost)  
  93  7:19  Zealot x2  
  93  7:20  Charge  
  97  7:23  Templar Archives  
  97  7:26  Gateway  
  97  7:27  Gateway  
  97  7:29  Gateway  
  96  7:30  Nexus  
  96  7:35  Pylon  
  92  7:39  Pylon  
  92  7:58  Psionic Storm  
  92  8:00  Zealot x2  
  92  8:03  Photon Cannon  
  84  8:07  Shield Battery x2  
  76  8:13  Gateway  
  76  8:16  Gateway  
  76  8:18  Gateway, Photon Cannon x2  
  76  8:20  Photon Cannon  
  76  8:21  High Templar  
  76  8:22  High Templar x2  
  76  8:24  High Templar  
  84  8:34  High Templar  
  84  8:40  Assimilator  
  86  8:54  Zealot x3  
  82  8:59  Zealot  
  83  9:04  Assimilator  
  83  9:05  Probe x3  
  83  9:08  High Templar  
  83  9:09  High Templar  
  87  9:13  Archon  
  87  9:14  Zealot x2  
  87  9:16  Zealot x2  
  83  9:33  Zealot  
  83  9:36  Zealot x4  
  89  9:41  Gateway  
  89  9:42  Zealot x2, Gateway  
  89  9:44  Cybernetics Core  
  93  9:51  Photon Cannon x2  
  93  9:55  Pylon, Photon Cannon  
  93  10:03  Zealot x3  
  93  10:04  Zealot  
  88  10:09  Zealot x2  
  82  10:19  High Templar  
  84  10:24  Shield Battery  
  84  10:29  Shield Battery  
  84  10:30  High Templar x4  
  92  10:36  Archon x2  
  92  10:37  Zealot x4  
  100  10:43  Probe x3  
  103  10:55  Probe x3  
  106  11:03  Protoss Ground Weapons Level 2  
  106  11:07  Probe x3  
  106  11:09  Robotics Facility  
  109  11:32  Zealot x2, High Templar x4  
  117  11:33  Zealot x3  
  117  11:37  Archon x2  
  106  11:59  Fleet Beacon  
  103  12:15  Zealot x9  
  109  12:25  Observer  
  104  12:37  Zealot x5  
  104  12:38  Zealot x4  
  122  12:47  Immortal  
  124  13:14  Nexus  
  124  13:15  Pylon  
  124  13:20  Carrier x2 (Chrono Boost)  
  124  13:25  Carrier (Chrono Boost)  
  108  13:59  High Templar x5  
  108  14:00  High Templar  
  108  14:02  High Templar  
  118  14:04  Zealot x2  
Tags
 
Add a new tag
Caveats
  • Supply blocks, unpowered buildings, or Contaminate may cause inaccurate times.
  • Supply counts are checked every 10 seconds.